 Dungeon Crawl Stone Soup version 0.25-a0-681-gdf4e720381 (webtiles) character file.

Game seed: 10922728908033573244, levelgen mode: deterministic

4621 CryoSword the Fighter (level 10, -9/114 HPs)
             Began as an Ogre Berserker on Mar 29, 2020.
             Was an Elder of Trog.
             Mangled by a hellwing (14 damage)
             ... on level 8 of the Dungeon.
             The game lasted 00:23:19 (9246 turns).

CryoSword the Fighter (Ogre Berserker)              Turns: 9246, Time: 00:23:20

Health: -9/114     AC:  5    Str: 23    XL:     10   Next: 42%
Magic:  10/10      EV: 11    Int:  8    God:    Trog [****..]
Gold:   337        SH:  0    Dex: 11    Spells: 9/9 levels left

rFire    . . .     SeeInvis .   F - +2 whip (elec)
rCold    . . .     Gourm    .   (no shield)
rNeg     . . .     Faith    .   b - +0 animal skin
rPois    .         Spirit   .   (helmet restricted)
rElec    .         Reflect  .   p - +1 cloak
rCorr    .         Harm     .   (gloves unavailable)
MR       +++..                  (boots unavailable)
Stlth    ++........             (no amulet)
HPRegen  1.29/turn              (no ring)
MPRegen  0.12/turn              y - ring of stealth

@: about to teleport, berserk cooldown, regenerating, slowed, very slow
A: large, unfitting armour, tough skin 1
a: Berserk, Trog's Hand, Brothers in Arms, Renounce Religion


You were on level 8 of the Dungeon.
You worshipped Trog.
Trog was greatly pleased with you.
You were near starving.

You visited 1 branch of the dungeon, and saw 8 of its levels.

You collected 337 gold pieces.

Inventory:

Hand Weapons
 B - a +0 giant club
   (You took it off an ogre on level 8 of the Dungeon)
 F - a +2 whip of electrocution (weapon)
   (You took it off an orc on level 7 of the Dungeon)
Missiles
 h - 42 poisoned darts (quivered)
 k - 5 boomerangs
Armour
 b - a +0 animal skin (worn)
 f - a scarf of spirit shield
   (You found it on level 1 of the Dungeon)
 p - a +1 cloak (worn)
   (You found it on level 2 of the Dungeon)
Jewellery
 y - a ring of stealth (right hand)
   (You found it on level 6 of the Dungeon)
Wands
 o - a wand of paralysis (6)
   (You found it on level 2 of the Dungeon)
 s - a wand of iceblast (12)
   (You found it on level 3 of the Dungeon)
Scrolls
 a - a scroll of identify {@r1}
 q - 3 scrolls of magic mapping
 t - 3 scrolls of remove curse {@r2}
 u - a scroll of random uselessness {unknown}
 w - 2 scrolls of enchant armour
 C - a scroll of amnesia {unknown}
 E - 2 scrolls of fear {unknown}
Potions
 d - a potion of lignification {!q}
 e - a potion of invisibility {unknown}
 g - 3 potions of heal wounds {@q2}
 i - a potion of mutation {unknown}
 j - 5 potions of flight {unknown}
 m - 2 potions of haste {unknown}
 n - 2 potions of brilliance {unknown}
 r - a potion of degeneration {unknown}
 v - a potion of stabbing {unknown}
 z - 2 potions of resistance {unknown}
 A - 2 potions of curing {unknown}
 D - a potion of berserk rage {unknown}
Comestibles
 c - 13 rations {!d}
 x - 10 chunks of flesh


   Skills:
 + Level 11.5 Fighting
 * Level 11.2 Maces & Flails
 - Level 3.9 Dodging


You had 9 spell levels left.
You didn't know any spells.
Your spell library contained the following spells:

 Spells                   Type           Power        Failure   Level  Hunger
 Confusing Touch          Hex            #.......     78%         3    ####...
 Gell's Gravitas          Tloc           #.........   78%         3    ####...
 Petrify                  Tmut/Erth      #.......     99%         4    #####..
 Metabolic Englaciation   Hex/Ice        #.........   100%        5    ######.
 Yara's Violent Unravell  Hex/Tmut       #.........   100%        5    ######.


Dungeon Overview and Level Annotations

Branches:
Dungeon (8/15)             Temple (0/1) D:5
   Lair: D:8-11

Altars:
Nemelex Xobeh

Shops:
D:6 [


Innate Abilities, Weirdness & Mutations

You are too large for most types of armour.
You have tough skin. (AC +1)


Message History

You kill the shadow imp!
Trog accepts your kill.
The hellwing swoops through the air toward you!
The hellwing barely misses you. The hellwing misses you.
You hit the hellwing. The shadow imp hits you.
The centaur warrior zombie hits the withered plant but does no damage.
You closely miss the hellwing. The hellwing hits you! x2
A centaur warrior zombie comes into view.
You closely miss the hellwing. The shadow imp barely misses you.
The hellwing hits you! The hellwing closely misses you.
A centaur warrior zombie comes into view.
You hit the hellwing but do no damage.
A centaur warrior zombie comes into view.
You hit the hellwing. The shadow imp hits you. The hellwing barely misses you.
The hellwing misses you.
The hellwing hits the withered plant!
The hellwing hits the withered plant but does no damage.
The hellwing misses you.
The hellwing hits you but does no damage.
The hellwing swoops through the air toward you!
The hellwing barely misses you.
The hellwing hits you but does no damage.
A red film seems to cover your vision as you go berserk!
You feel yourself moving faster!
You feel mighty!
You are feeling very hungry.
The hellwing barely misses you. The hellwing hits you.
The shadow imp barely misses you.
You hit the hellwing. You hit the hellwing.
Lightning courses through the hellwing! You hit the hellwing but do no damage.
Lightning courses through the hellwing! The centaur warrior zombie hits you.
The hellwing hits you. The hellwing barely misses you.
You hit the hellwing. You hit the hellwing.
The centaur warrior zombie closely misses you.
The shadow imp shouts, "Give up, thou tottering guts-griping fustilarian!"
The hellwing hits you! The hellwing barely misses you.
You barely miss the hellwing. The shadow imp barely misses you.
You hit the hellwing but do no damage. The centaur warrior zombie hits you.
The shadow imp barely misses you.
You hit the hellwing but do no damage. The hellwing hits you!
The hellwing misses you.
You hit the hellwing but do no damage. The shadow imp misses you.
You barely miss the hellwing. The shadow imp hits you.
You whack the hellwing! Lightning courses through the hellwing!
You kill the hellwing!
Trog accepts your kill. The shadow imp barely misses you.
You closely miss the shadow imp. You whack the shadow imp!
The shadow imp laughs crazily.
The shadow imp gestures at you. You resist with significant effort.
You whack the shadow imp!
You kill the shadow imp!
Trog accepts your kill. The hellwing hits you!
* * * LOW HITPOINT WARNING * * *
The hellwing hits you but does no damage.
You whack the shadow imp! You whack the shadow imp!
You kill the shadow imp!
Trog accepts your kill.
You hit the centaur warrior zombie. The hellwing hits you!
* * * LOW HITPOINT WARNING * * *
The hellwing closely misses you.
You whack the centaur warrior zombie! The centaur warrior zombie misses you.
You whack the centaur warrior zombie!
Lightning courses through the centaur warrior zombie!
You whack the centaur warrior zombie!
Lightning courses through the centaur warrior zombie!
The hellwing completely misses you. x2
The centaur warrior zombie hits you but does no damage.
You barely miss the centaur warrior zombie.
You thrash the centaur warrior zombie!! You whack the centaur warrior zombie!
The centaur warrior zombie closely misses you.
The hellwing hits you!
* * * LOW HITPOINT WARNING * * *
The hellwing hits you.
* * * LOW HITPOINT WARNING * * *
You whack the centaur warrior zombie!
Lightning courses through the centaur warrior zombie!
You destroy the centaur warrior zombie!
Trog accepts your kill.
Your Maces & Flails skill increases to level 11!
You whack the centaur warrior zombie! The centaur warrior zombie hits you.
* * * LOW HITPOINT WARNING * * *
The hellwing closely misses you. The hellwing hits you.
* * * LOW HITPOINT WARNING * * *
You hit the centaur warrior zombie.
Lightning courses through the centaur warrior zombie!
You whack the centaur warrior zombie!
The centaur warrior zombie closely misses you.
You whack the centaur warrior zombie!
Lightning courses through the centaur warrior zombie!
The hellwing hits you!
* * * LOW HITPOINT WARNING * * *
The hellwing barely misses you.
You whack the centaur warrior zombie! You whack the centaur warrior zombie!
You destroy the centaur warrior zombie!
Trog accepts your kill.
You barely miss the hellwing. The hellwing hits you.
* * * LOW HITPOINT WARNING * * *
The hellwing hits you!
* * * LOW HITPOINT WARNING * * *
Okay, then.
You barely miss the hellwing. You hit the hellwing but do no damage.
The centaur warrior zombie closely misses you.
You feel a strong urge to attack something.
You are no longer berserk.
You are exhausted.
You feel yourself slow down.
Your skin crawls.
You feel resistant to hostile enchantments.
You are near starving!
The centaur warrior zombie hits you but does no damage.
The hellwing hits you but does no damage.
The hellwing barely misses you.
You fail to use your ability.
The centaur warrior zombie hits you.
* * * LOW HITPOINT WARNING * * *
The hellwing hits you.
* * * LOW HITPOINT WARNING * * *
The hellwing closely misses you. The centaur warrior zombie hits you.
* * * LOW HITPOINT WARNING * * *
The hellwing hits you.
* * * LOW HITPOINT WARNING * * *
The hellwing hits you but does no damage.
You fail to use your ability.
The centaur warrior zombie hits you.
* * * LOW HITPOINT WARNING * * *
The centaur warrior zombie hits you but does no damage.
The hellwing closely misses you. The hellwing barely misses you.
You fail to use your ability.
The centaur warrior zombie hits you.
* * * LOW HITPOINT WARNING * * *
The hellwing hits you but does no damage. x2
The centaur warrior zombie hits you.
* * * LOW HITPOINT WARNING * * *
The hellwing closely misses you. The hellwing hits you.
* * * LOW HITPOINT WARNING * * *
Okay, then.
As you read the scroll of teleportation {@r4}, it crumbles to dust.
You feel strangely unstable. The centaur warrior zombie hits you.
* * * LOW HITPOINT WARNING * * *
The hellwing hits you!
You die...

######....###...##...####
........÷......###...#
#####..).####.###...#####
##[#.# #)...........
#.#)# #.......##### #.#.#
#####.#.# #.#÷# #.#.#
#.#.########.#.#
#....@4Z..[..#.#
#..#...Z........#
.##.########..## #. #.#
##.# # #.# 4P. #.# 8...P
...Z..P ....PP. .Z.....


You could see a hellwing and 2 centaur warrior zombies.

Vanquished Creatures
  A hellwing (D:8)
  Grinder (D:5)
  Sigmund (D:4)
  A yak (D:7)
  3 hogs (D:7)
  Eustachio (D:5)
  A human (D:7)
  Menkaure (D:5)
  A sky beast (D:5)
  A phantom (D:6)
  2 ice beasts (D:5)
  2 ogres
  3 centaurs
  A black bear (D:7)
  A bullfrog (D:8)
  4 scorpions
  2 howler monkeys (D:7)
  2 bullfrog zombies
  7 crimson imps
  4 hounds
  3 centaur zombies
  A bullfrog skeleton (D:5)
  A gnoll shaman (D:6)
  2 orc wizards
  Terence (D:2)
  Natasha (thrice) (D:2)
  7 worker ants
  3 hound zombies
  3 hound skeletons
  A howler monkey zombie (D:4)
  5 gnolls
  A worker ant zombie (D:4)
  2 howler monkey skeletons (D:4)
  10 adders
  3 shadow imps (D:8)
  2 adder zombies (D:4)
  2 worms
  3 dart slugs (D:1)
  25 orcs
  4 giant cockroaches
  6 goblins
  3 hobgoblins
  8 jackals
  3 quokkas
  A ball python skeleton (D:4)
  A ball python zombie (D:4)
  8 bats
  5 frilled lizards
  3 giant cockroach zombies (D:4)
  A jackal zombie (D:4)
  7 kobolds
  2 leopard gecko skeletons
  2 leopard gecko zombies (D:4)
  A quokka skeleton (D:4)
  2 quokka zombies
  8 rats
183 creatures vanquished.

Vanquished Creatures (others)
  A withered plant (D:8)
1 creature vanquished.

Grand Total: 184 creatures vanquished

Notes
Turn   | Place    | Note
-------+----------+-------------------------------------------
     0 | D:1      | CryoSword the Ogre Berserker began the quest for the Orb.
     0 | D:1      | Reached XP level 1. HP: 24/24 MP: 1/1
    12 | D:1      | Reached XP level 2. HP: 31/32 MP: 2/2
   316 | D:1      | Reached XP level 3. HP: 39/40 MP: 3/3
  1334 | D:2      | Noticed Natasha
  1349 | D:2      | Killed Natasha
  1349 | D:2      | Reached XP level 4. HP: 34/49 MP: 1/4
  1361 | D:2      | Noticed Natasha
  1388 | D:2      | Killed Natasha
  1412 | D:2      | Noticed Natasha
  1570 | D:2      | Killed Natasha
  1570 | D:2      | Reached skill level 5 in Fighting
  1570 | D:2      | Reached XP level 5. HP: 57/57 MP: 5/5
  1627 | D:2      | Noticed Terence
  1830 | D:2      | Reached ** piety under Trog
  2038 | D:2      | Killed Terence
  3020 | D:3      | Reached XP level 6. HP: 58/66 MP: 6/6
  3089 | D:3      | Found a sparkling altar of Nemelex Xobeh,
  4128 | D:4      | Noticed Sigmund
  4145 | D:4      | Killed Sigmund
  4145 | D:4      | Reached skill level 5 in Maces & Flails
  4145 | D:4      | Reached XP level 7. HP: 76/76 MP: 7/7
  4225 | D:4      | Reached *** piety under Trog
  4911 | D:5      | Entered Level 5 of the Dungeon
  5069 | D:5      | Noticed Grinder
  5081 | D:5      | Paralysed by Grinder for 4 turns
  5093 | D:5      | Killed Grinder
  5093 | D:5      | Reached XP level 8. HP: 87/87 MP: 8/8
  5374 | D:5      | Noticed Menkaure
  5390 | D:5      | Killed Menkaure
  5692 | D:5      | Found a staircase to the Ecumenical Temple,
  6057 | D:5      | Noticed Eustachio
  6070 | D:5      | Killed Eustachio
  6128 | D:5      | Reached XP level 9. HP: 86/98 MP: 9/9
  7144 | D:6      | Found Ubbiew's Armour Shop,
  7197 | D:6      | Reached **** piety under Trog
  8016 | D:7      | Reached skill level 10 in Fighting
  8048 | D:7      | Reached skill level 10 in Maces & Flails
  8404 | D:7      | Reached XP level 10. HP: 87/111 MP: 10/10
  9246 | D:8      | HP: 5/114 [centaur warrior zombie (3)]
  9246 | D:8      | Mangled by a hellwing

Levels and vault maps discovered:
D:1:      scummos_arrival_forest, layout_basic
D:2:      layout_loops_ring, uniq_terence, uniq_natasha
D:3:      layout_rooms, nemelex_xobeh_ov_fountains_minmay, first_ration,
          minivault_4, grunt_ministairs_2, minmay_fractal_squares_gapless_5
D:4:      layout_cave_pods, serial_undead, serial_undead_a, serial_undead_c,
          serial_undead_e, serial_undead_f, serial_undead_a, serial_undead_f,
          serial_undead_a, serial_undead_e, minmay_cupped, uniq_sigmund
D:5:      layout_basic, minmay_temple_entry_offerings, uniq_grinder,
          uniq_eustachio, uniq_menkaure
D:6:      layout_cave_pools, serial_shops, shop
D:7:      layout_rooms, grunt_livestock, minmay_hedge_maze
D:8:      cheibrodos_grave_circle, layout_loops_ring, lair_entry_dummy,
          serial_shops, nicolae_shop_overgrown_old_shop,
          hangedman_abyss_or_decor_clamps, st_stairs_5, serial_bayou_pond_d,
          uniq_maggie, uniq_maurice

Skill      XL: |  1  2  3  4  5  6  7  8  9 10 |
---------------+-------------------------------+-----
Maces & Flails | 3 4 5 6 8 10 11 | 11.2
Dodging        | 3 |  3.9
Fighting       | 5 6 7 9 10 11 | 11.5

Action                   |  1- 3 |  4- 6 |  7- 9 | 10-12 || total
-------------------------+-------+-------+-------+-------++-------
Melee: Mace              |    49 |     2 |       |       ||    51
       Whip              |    32 |   255 |       |    54 ||   341
       Flail             |       |    56 |   353 |    34 ||   443
Throw: Dart              |       |     2 |     6 |       ||     8
Invok: Berserk           |     3 |    14 |    11 |     3 ||    31
       Trog's Hand       |       |     2 |     3 |     1 ||     6
  Use: Potion            |       |     1 |       |       ||     1
       Scroll            |       |     6 |       |     2 ||     8
  Eat: Chunk             |     3 |    23 |    15 |     5 ||    46
       Ration            |       |       |     3 |       ||     3
Armor: Animal skin       |    20 |   107 |    93 |    17 ||   237
       Skin              |       |    18 |       |       ||    18
Dodge: Dodged            |    51 |   210 |   183 |    49 ||   493

Table legend:
 A = Non-vault XP
 B = Vault XP
 C = Vault XP percentage of total XP
 D = Non-vault monster count
 E = Vault monster count
 F = Vault count percentage of total count
                 A         B        C        D         E       F
            +---------+---------+-------+---------+---------+-------
      Total |    3160 |    3442 |  52.1 |     138 |      45 |  24.6
            +---------+---------+-------+---------+---------+-------
        D:1 |      48 |       0 |   0.0 |      17 |       0 |   0.0
        D:2 |     120 |      84 |  41.2 |      18 |       3 |  14.3
        D:3 |     135 |      20 |  12.9 |      25 |       5 |  16.7
        D:4 |      31 |     426 |  93.2 |       9 |      23 |  71.9
        D:5 |     985 |     652 |  39.8 |      22 |       3 |  12.0
        D:6 |     566 |       0 |   0.0 |      12 |       0 |   0.0
        D:7 |     984 |     972 |  49.7 |      27 |       5 |  15.6
        D:8 |     291 |    1288 |  81.6 |       8 |       6 |  42.9
            +---------+---------+-------+---------+---------+-------
